 Dungeon Crawl Stone Soup version 0.31-a0-655-gf2d5465dac (webtiles) character file.

Game seed: 17047628822732451901

167657 bigdave the Warmonger (level 17, -4/162 HPs)
             Began as a Hill Orc Fighter on Aug 30, 2023.
             Was a High Priest of Okawaru.
             Slain by a broodmother (25 damage)
             ... on level 3 of the Spider Nest.
             The game lasted 01:06:00 (33579 turns).

bigdave the Warmonger (Hill Orc Fighter)           Turns: 33579, Time: 01:06:00

Health: -4/162     AC: 38    Str: 28    XL:     17   Next: 93%
Magic:  30/30      EV:  6    Int:  8    God:    Okawaru [*****.]
Gold:   1745       SH: 10    Dex: 14    Spells: 16/16 levels left

rFire   + . .        G - +7 sling (drain)
rCold   . . .        n - +0 buckler {rF+}
rNeg    + . .        J - +7 crystal plate armour of Bomuamuz {+Blink rN+}
rPois   +            e - +2 helmet
rElec   .            y - +0 cloak
rCorr   +            (no gloves)
SInv    .            H - +0 pair of boots
Will    ++...        l - amulet of a Hundred Leylines {Reflect Str+5 SH+5} Stlth
                     S - ring of the Thieving Messenger {Will+ rCorr}
HPRegen 0.47/turn    U - ring of poison resistance
MPRegen 0.22/turn

%: reflection
@: no status effects
A: MP-powered wands
a: Renounce Religion, Evoke Blink, Heroism, Finesse, Duel


You were on level 3 of the Spider Nest.
You worshipped Okawaru.
Okawaru was extremely pleased with you.
You visited 4 branches of the dungeon, and saw 25 of its levels.
You also visited: Bailey.

You collected 2003 gold pieces.
You spent 258 gold pieces at shops.

Inventory:

Hand Weapons
 D - a +0 whip of electrocution
 G - a +7 sling of draining (weapon)
 R - a +7 broad axe of flaming
Missiles
 O - a silver javelin
Armour
 c - a +1 buckler
 e - a +2 helmet (worn)
 h - a +7 chain mail of poison resistance
 n - a +0 buckler of fire resistance (worn)
 r - the +3 scale mail of Zodijirph {Drain rPois Slay+5 SInv}
   (Okawaru gifted it to you on level 11 of the Dungeon)

   Slay+5:    It affects your accuracy & damage with ranged weapons and melee
   (+5).
   rPois:     It protects you from poison SInv: It lets you see invisible.
   Drain:     It drains your maximum health when unequipped.
 y - a +0 cloak (worn)
 H - a +0 pair of boots (worn)
 J - the +7 crystal plate armour of Bomuamuz (worn) {+Blink rN+}
   (Okawaru gifted it to you on level 3 of the Spider Nest)

   rN+:       It protects you from negative energy.
   +Blink:    It lets you blink.
Jewellery
 f - an amulet of regeneration
 g - a ring of ice
 l - the amulet of a Hundred Leylines (around neck) {Reflect Str+5 SH+5}
   (You acquired it on level 4 of the Dungeon)

   [amulet of reflection]

   Reflect:   It reflects blocked missile attacks.
   Str+5:     It affects your strength (+5).
   SH+5:      It affects your SH (+5).
 m - a +4 ring of protection
 t - a ring of protection from fire
 C - an amulet of faith
 Q - the ring "Hienwuiv" {rN+ Str+5 Slay+3}
   (You took it off an orc warrior in a bailey)

   [ring of positive energy]

   Str+5:     It affects your strength (+5).
   Slay+3:    It affects your accuracy & damage with ranged weapons and melee
   (+3).
   rN+:       It protects you from negative energy.
 S - the ring of the Thieving Messenger (left hand) {Will+ rCorr}
   (You took it off a hobgoblin in a bailey)

   [ring of willpower]

   Will+:     It increases your willpower.
   rCorr:     It protects you from acid and corrosion.
 U - a ring of poison resistance (right hand)
Wands
 w - a wand of polymorph (6)
 B - a wand of digging (12)
 M - a wand of flame (6)
Scrolls
 a - 2 scrolls of butterflies
 i - 7 scrolls of teleportation
 j - 2 scrolls of brand weapon
 k - 2 scrolls of poison
 o - 5 scrolls of identify
 E - a scroll of torment
 L - a scroll of amnesia
 N - a scroll of fear
 P - 5 scrolls of fog
 W - 2 scrolls of enchant weapon
 X - 3 scrolls of silence
 Y - a scroll of revelation
Potions
 b - a potion of magic
 d - 6 potions of might
 p - 6 potions of haste
 q - 6 potions of berserk rage
 s - 2 potions of ambrosia
 u - 7 potions of lignification
 v - 4 potions of brilliance
 x - 3 potions of curing
 z - 4 potions of enlightenment
 A - 2 potions of cancellation
 I - 5 potions of mutation
 K - 2 potions of invisibility
 T - 2 potions of resistance
 Z - 6 potions of attraction


   Skills:
 + Level 17.5 Fighting
 - Level 18.0 Axes
 * Level 13.4 Ranged Weapons
 + Level 16.2 Armour
 - Level 4.0 Shields
 + Level 18.1 Invocations
 + Level 3.2 Evocations


You had 16 spell levels left.
You didn't know any spells.
Your spell library contained the following spells:

 Spells                   Type           Power      Damage    Failure   Level
 Apportation              Tloc           0%         N/A       100%        1
 Foxfire                  Conj/Fire      0%         2x1d4     100%        1
 Kiss of Death            Conj/Necr      0%         2d5       100%        1
 Magic Dart               Conj           0%         1d3       100%        1
 Necrotise                Necr           0%         1d4       100%        1
 Shock                    Conj/Air       0%         1d3       100%        1
 Blink                    Tloc           0%         N/A       100%        2
 Cigotuvi's Dreadful Rot  Necr/Pois/Air  0%         N/A       100%        2
 Ensorcelled Hibernation  Hex/Ice        0%         N/A       100%        2
 Poisonous Vapours        Pois/Air       0%         N/A       100%        2
 Scorch                   Fire           0%         2d5       100%        2
 Confusing Touch          Hex            0%         N/A       100%        3
 Dazzling Flash           Conj/Hex       0%         N/A       100%        3
 Ignite Poison            Fire/Tmut/Pois 0%         N/A       100%        3
 Inner Flame              Hex/Fire       0%         N/A       100%        3
 Mephitic Cloud           Conj/Pois/Air  0%         N/A       100%        3
 Ozocubu's Armour         Ice            0%         N/A       100%        3
 Swiftness                Air            0%         N/A       100%        3
 Airstrike                Air            0%         2d(0-16)  100%        4
 Anguish                  Hex/Necr       0%         N/A       100%        4
 Cause Fear               Hex            0%         N/A       100%        4
 Dispel Undead            Necr           0%         3d6       100%        4
 Flame Wave               Conj/Fire      0%         2d4       100%        4
 Leda's Liquefaction      Hex/Erth       0%         N/A       100%        4
 Manifold Assault         Tloc           0%         N/A       100%        4
 Sticky Flame             Conj/Fire      0%         2d3       100%        4
 Agony                    Necr           0%         N/A       100%        5
 Borgnjor's Vile Clutch   Necr/Erth      0%         N/A       100%        5
 Freezing Cloud           Conj/Ice/Air   0%         6-21      100%        5
 Lee's Rapid Deconstruct  Erth           0%         3d4*      100%        5
 Silence                  Hex/Air        0%         N/A       100%        5
 Conjure Ball Lightning   Conj/Air       0%         3x3d6     100%        6
 Dispersal                Tloc           0%         N/A       100%        6
 Leda's Unmaking          Conj/Erth      0%         9d1       100%        6
 Plasma Beam              Fire/Air       0%         2x1d10    100%        6
 Starburst                Conj/Fire      0%         6d3       100%        6
 Enfeeble                 Hex            0%         N/A       100%        7
 Ozocubu's Refrigeration  Ice            0%         4d7       100%        7
 Discord                  Hex            0%         N/A       100%        8
 Disjunction              Tloc           0%         N/A       100%        8
 Ignition                 Fire           0%         3d3       100%        8
 Polar Vortex             Ice            0%         N/A       100%        9
 Summon Small Mammal      Summ           Unusable   N/A       N/A         1
 Call Imp                 Summ           Unusable   N/A       N/A         2
 Call Canine Familiar     Summ           Unusable   N/A       N/A         3
 Summon Guardian Golem    Hex/Summ       Unusable   N/A       N/A         3
 Animate Dead             Necr           Unusable   N/A       N/A         4
 Death Channel            Necr           Unusable   N/A       N/A         6
 Simulacrum               Ice/Necr       Unusable   N/A       N/A         6
 Summon Cactus Giant      Summ           Unusable   N/A       N/A         6

Dungeon Overview and Level Annotations

Branches:
Dungeon (15/15)            Temple (1/1) D:4            Lair (5/5) D:10
 Shoals (0/4) Lair:2       Spider (4/4) Lair:2        Slime (0/5) Lair:4
    Orc (0/2) D:11         Vaults (0/5) D:13         Depths (0/4) D:15
 Bailey (visited)

Altars:
Ashenzari
Cheibriados
Dithmenos
Elyvilon
Fedhas
Gozag
Hepliaklqana
Kikubaaqudgha
Makhleb
Nemelex Xobeh
Okawaru
Qazlal
Ru
Sif Muna
Trog
Uskayaw
Vehumet
Wu Jian
Xom
Yredelemnul
Zin
The Shining One

Shops:
D:1 [   D:7 [

Portals:
Abyss: D:5

Annotations:
D:5 2 transporters, GordonOverkill's ghost, weakling VSDe
D:8 exclusion: statue
Lair:4 1 runed translucent door


Innate Abilities, Weirdness & Mutations

You expend magic power (3 MP) to strengthen your wands.


Message History

You bump into the rock wall.
The tarantella closely misses you.
The tarantella touches you but does no damage.
The broodmother bites you.
* * * LOW HITPOINT WARNING * * *
The tarantella touches you but does no damage.
The tarantella barely misses you. The broodmother closely misses you.
You feel better.
The tarantella touches you but does no damage.
The tarantella barely misses you.
The broodmother bites you but does no damage.
You shoot a sling bullet. The sling bullet hits the broodmother!
The broodmother is severely wounded.
The tarantella touches you!
* * * LOW HITPOINT WARNING * * *
You are confused.
The tarantella touches you but does no damage.
The tarantella barely misses you.
You clumsily bash the tarantella but do no damage.
The tarantella touches you!
* * * LOW HITPOINT WARNING * * *
The tarantella touches you but does no damage.
The jumping spider leaps!
The tarantella touches you.
* * * LOW HITPOINT WARNING * * *
The tarantella touches you but does no damage.
The broodmother bites you.
* * * LOW HITPOINT WARNING * * *
You clumsily bash the broodmother but do no damage.
The broodmother is severely wounded.
The tarantella disappears in a puff of smoke!
The tarantella closely misses you.
The jumping spider leaps!
The broodmother bites you but does no damage.
The tarantella touches you but does no damage.
The tarantella barely misses you. The broodmother barely misses you.
The tarantella completely misses you. The tarantella closely misses you.
You clumsily bash the broodmother but do no damage.
The broodmother is severely wounded.
You feel less confused.
The tarantella touches you but does no damage. x2
The broodmother bites you!!
You die...

##......##..#.##
#############....
#........###^#...
#........#^#.####
##...............
########......^...
#..^.............#
#ss...........####
#@s°...........^..
####......####....
##.^......#...^..^
#^........###†####
#.........#...#..^
#.........###.....
##.^....####....#.
####.###.....##..
###.....#..#..


You could see a broodmother and 2 tarantellas.

Vanquished Creatures
  Bai Suzhen (Spider:3)
  Jorgrun (D:12)
  Kirke (Spider:3)
  An emperor scorpion (Spider:4)
  An orc warlord (Bailey)
  2 ghost moths
  An ironbound preserver (D:13)
  2 broodmothers
  Azrael (Spider:2)
  2 spark wasps (Spider:1)
  3 entropy weavers
  A fire dragon (D:15)
  2 ice dragons (D:15)
  An ogre mage (D:15)
  10 hydras
  5 radroaches
  8 two-headed ogres
  2 jorogumos
  6 boulder beetles
  A tengu warrior (D:15)
  5 centaur warriors
  6 demonic crawlers
  3 pharaoh ants
  A skyshark (Lair:5)
  7 skeletal warriors (D:15)
  A sun moth (Spider:3)
  5 orb spiders
  5 steelbarb worms
  5 deep elf pyromancers
  An orc sorcerer (D:11)
  7 ugly things
  A deep elf zephyrmancer (D:11)
  4 orc knights
  An oklob plant (Lair:4)
  A wizard (D:15)
  5 manticores
  30 wolf spiders
  5 moths of wrath
  7 cyclopes
  7 black mambas
  19 elephants
  A merfolk siren (Lair:2)
  An eye of devastation (shapeshifter) (D:11)
  7 torpor snails
  Jeremiah (D:7)
  13 cane toads
  5 unseen horrors
  6 orange demons
  5 gargoyles
  A rime drake (Lair:2)
  2 kobold demonologists
  2 freezing wraiths (D:14)
  An ice devil (D:9)
  2 tengu conjurers
  10 komodo dragons
  6 polar bears
  9 meliai
  5 trolls
  4 hornets
  14 blink frogs
  25 tarantellas
  3 merfolk (Lair:2)
  A blink frog (shapeshifter) (D:15)
  9 dream sheep
  A slime creature (D:11)
  23 jumping spiders
  10 spriggans (Lair:5)
  3 shadows
  3 vampires
  5 wyverns
  23 culicivoras
  2 basilisks
  2 chaos spawn (D:9)
  4 wraiths
  47 yaks
  2 neqoxecs (D:9)
  A steam dragon (D:10)
  4 hogs (Spider:3)
  6 fire elementals
  8 vampire mosquitoes
  41 redbacks
  3 wargs (D:10)
  Menkaure (D:6)
  A naga (shapeshifter) (D:11)
  A harpy simulacrum (D:14)
  A warg (shapeshifter) (D:13)
  4 acid dragons (D:11)
  6 two-headed ogre zombies (D:9)
  2 hell hounds (Spider:1)
  22 orc warriors
  13 water moccasins
  4 black bears
  3 sky beasts
  3 ice beasts
  6 centaurs
  32 wolves
  6 ogres
  5 boggarts (Lair:5)
  A phantom (D:5)
  12 bullfrogs
  2 gnoll sergeants
  4 kobold brigands
  10 scorpions
  A wight (D:8)
  8 killer bees (D:9)
  16 howler monkeys
  2 electric eels
  A gnoll bouda (D:10)
  4 orc priests
  A sleepcap (D:5)
  4 hounds
  4 jellies
  7 iguanas
  11 orc wizards
  19 gnolls
  7 river rats
  4 adders
  4 worms
  3 dart slugs
  37 orcs
  4 endoplasms
  2 giant cockroaches
  17 goblins
  13 hobgoblins
  5 jackals (D:3)
  10 quokkas
  9 ball pythons
  3 bats
  5 frilled lizards
  16 kobolds
  25 rats
880 creatures vanquished.

Vanquished Creatures (others)
  A pharaoh ant (Spider:1)
  An orb spider (Spider:4)
  A kobold (D:9)
3 creatures vanquished.

Grand Total: 883 creatures vanquished

Notes
Turn   | Place    | Note
-------+----------+-------------------------------------------
     0 | D:1      | bigdave the Hill Orc Fighter began the quest for the Orb.
     0 | D:1      | Reached XP level 1. HP: 19/19 MP: 1/1
   243 | D:1      | Reached XP level 2. HP: 25/27 MP: 2/2
   699 | D:1      | Found Xijall's Armour Shoppe.
   782 | D:2      | Reached XP level 3. HP: 24/33 MP: 3/3
   801 | D:2      | Reached XP level 4. HP: 24/40 MP: 4/4
  1412 | D:2      | Found the +3 salamander hide armour {Flames, rFlCloud rF++
                  | rC--}
  1413 | D:2      | Found a radiant altar of Vehumet.
  2299 | D:3      | You fall into a shaft and drop 2 floors!
  2299 | D:5      | Entered Level 5 of the Dungeon
  2299 | D:5      | Found a transporter.
  2334 | D:5      | Noticed a scorpion
  2341 | D:5      | Killed a scorpion
  2342 | D:5      | Reached skill level 5 in Axes
  2342 | D:5      | Reached XP level 5. HP: 46/47 MP: 5/5
  2387 | D:5      | Reached XP level 6. HP: 45/55 MP: 6/6
  2439 | D:5      | Noticed a black bear
  2449 | D:5      | Killed a black bear
  2450 | D:5      | Reached skill level 5 in Fighting
  2662 | D:4      | Found a staircase to the Ecumenical Temple.
  2682 | Temple   | Entered the Ecumenical Temple
  2834 | Temple   | Became a worshipper of Warmaster Okawaru
  2888 | D:4      | Reached skill level 5 in Armour
  2888 | D:4      | Reached XP level 7. HP: 61/61 MP: 7/7
  2929 | D:4      | Reached skill level 1 in Invocations
  3659 | D:4      | Found a sacrificial altar of Ru.
  3659 | D:4      | Found an opulent altar of Gozag.
  4059 | D:4      | Identified a scroll of acquirement
  4059 | D:4      | Acquired the amulet of a Hundred Leylines {Reflect Str+5
                  | SH+5}
  4311 | D:5      | Found a burning altar of Makhleb.
  4369 | D:5      | Found a one-way gate to the infinite horrors of the Abyss.
  4369 | D:5      | Noticed GordonOverkill's ghost (weakling VSDe)
  4372 | D:5      | Found a transporter.
  4372 | D:5      | Noticed a toenail golem
  4384 | D:5      | Reached XP level 8. HP: 44/70 MP: 8/10
  5068 | D:6      | Reached * piety under Okawaru
  5647 | D:6      | Reached ** piety under Okawaru
  5648 | D:6      | Reached XP level 9. HP: 78/79 MP: 12/12
  5726 | D:6      | Noticed Menkaure
  5732 | D:6      | Killed Menkaure
  5733 | D:6      | Reached skill level 10 in Axes
  5733 | D:6      | Reached skill level 5 in Invocations
  6359 | D:7      | Reached *** piety under Okawaru
  6828 | D:7      | Found Cijun's Armour Emporium.
  7042 | D:1      | Bought a +3 chain mail of poison resistance for 258 gold
                  | pieces
  7389 | D:7      | Noticed Jeremiah
  7410 | D:7      | Killed Jeremiah
  7637 | D:7      | Reached XP level 10. HP: 89/89 MP: 15/15
  7966 | D:8      | Found a radiant altar of Vehumet.
  8007 | D:8      | Noticed a gargoyle
  8031 | D:8      | Killed a gargoyle
  8167 | D:8      | Noticed a brown ugly thing
  8181 | D:8      | Killed a brown ugly thing
  8181 | D:8      | Reached **** piety under Okawaru
  8418 | D:8      | Noticed a deep elf pyromancer
  8425 | D:8      | Killed a deep elf pyromancer
  8574 | D:8      | Found a sparkling altar of Nemelex Xobeh.
  8871 | D:8      | Noticed a two-headed ogre
  8877 | D:8      | Killed a two-headed ogre
  9278 | D:8      | Found a shadowy altar of Dithmenos.
  9377 | D:8      | Noticed a manticore
  9389 | D:8      | Killed a manticore
  9389 | D:8      | Reached ***** piety under Okawaru
  9798 | D:9      | Reached XP level 11. HP: 95/99 MP: 17/17
  9828 | D:9      | Found a stormy altar of Qazlal.
  9834 | D:9      | Found a hazy altar of Hepliaklqana.
  9841 | D:9      | Found a snail-covered altar of Cheibriados.
  9897 | D:9      | Found a flagged portal.
  9999 | Bailey   | Entered a bailey
 10108 | Bailey   | Reached skill level 10 in Fighting
 10276 | Bailey   | Noticed an orc warlord
 10352 | Bailey   | Identified the ring of the Thieving Messenger {Will+ rCorr}
 10360 | Bailey   | Identified the ring "Hienwuiv" {rN+ Str+5 Slay+3}
 10382 | Bailey   | Killed an orc warlord
 10444 | Bailey   | Reached skill level 10 in Armour
 10444 | Bailey   | Reached skill level 10 in Invocations
 10444 | Bailey   | Reached XP level 12. HP: 110/110 MP: 18/20
 10586 | D:9      | Identified the +0 scale mail of the Kappa {Int+6} (Okawaru
                  | gifted it to you on level 9 of the Dungeon)
 10586 | D:9      | Received a gift from Okawaru
 10833 | D:9      | Gained mutation: You expend magic power (3 MP) to
                  | strengthen your wands. [a neqoxec]
 11099 | D:9      | Found a broken altar of Ashenzari.
 11540 | D:10     | Entered Level 10 of the Dungeon
 11594 | D:10     | Found a staircase to the Lair.
 11837 | D:10     | Identified the +5 hand axe of the Rattlesnake {flame, *Rage
                  | Fly Str+4}
 12114 | D:10     | Found a glowing silver altar of Zin.
 12325 | Lair:1   | Entered Level 1 of the Lair of Beasts
 12425 | Lair:1   | Reached XP level 13. HP: 90/117 MP: 19/21
 13930 | Lair:2   | Found a staircase to the Shoals.
 14101 | Lair:2   | Found a hole to the Spider Nest.
 14107 | Lair:2   | Received a gift from Okawaru
 15124 | Lair:3   | Reached skill level 1 in Ranged Weapons
 15409 | Lair:3   | Reached ****** piety under Okawaru
 15702 | Lair:3   | Reached XP level 14. HP: 79/129 MP: 22/24
 15918 | Lair:3   | You fall into a shaft and drop 2 floors!
 15918 | Lair:5   | Entered Level 5 of the Lair of Beasts
 15928 | Lair:4   | Found a runed translucent door.
 15935 | Lair:4   | Found a staircase to the Slime Pits.
 16570 | Lair:4   | Identified the +0 battleaxe "Zumiukop" {elec, Fly MP+9}
                  | (Okawaru gifted it to you on level 4 of the Lair of Beasts)
 16570 | Lair:4   | Received a gift from Okawaru
 16982 | Lair:4   | Reached skill level 5 in Ranged Weapons
 17732 | Lair:5   | Identified the +2 rapier "Death Rattle" {heavy, rC+}
                  | (Okawaru gifted it to you on level 5 of the Lair of Beasts)
 17732 | Lair:5   | Received a gift from Okawaru
 18328 | Lair:5   | Received a gift from Okawaru
 18623 | Lair:5   | Reached XP level 15. HP: 117/139 MP: 26/26
 19473 | D:11     | Reached skill level 15 in Invocations
 19661 | D:11     | Identified the +3 leather armour of Oluymub {Harm +Inv
                  | Dex+5}
 19669 | D:11     | Identified the +3 scale mail of Zodijirph {Drain rPois
                  | Slay+5 SInv} (Okawaru gifted it to you on level 11 of the
                  | Dungeon)
 19669 | D:11     | Received a gift from Okawaru
 19936 | D:11     | Identified the +1 sling "Kooron" {heavy, Int+2}
 19955 | D:11     | Reached skill level 15 in Fighting
 20215 | D:11     | Found a staircase to the Orcish Mines.
 20581 | D:12     | Noticed Jorgrun
 20592 | D:12     | Killed Jorgrun
 21115 | D:12     | Identified the +1 falchion "Killer Bee's Bane" {protect,
                  | rElec rC- Int+6}
 22192 | D:13     | Found a gate to the Vaults.
 22257 | D:13     | Received a gift from Okawaru
 22864 | D:14     | Reached skill level 10 in Ranged Weapons
 22951 | D:14     | Reached XP level 16. HP: 145/150 MP: 28/28
 23075 | D:14     | Identified the +5 battleaxe of Frustration {freeze, rCorr
                  | Str+5 Dex+2} (Okawaru gifted it to you on level 14 of the
                  | Dungeon)
 23075 | D:14     | Received a gift from Okawaru
 23598 | D:15     | Entered Level 15 of the Dungeon
 24736 | D:15     | Found a staircase to the Depths.
 25455 | Spider:1 | Entered Level 1 of the Spider Nest
 25513 | Spider:1 | Received a gift from Okawaru
 25645 | Spider:1 | Reached skill level 15 in Armour
 26510 | Spider:1 | Identified the +0 ring mail of Pothruse {+Blink}
 26876 | Spider:2 | Noticed Azrael
 27115 | Spider:2 | Killed Azrael
 27617 | Spider:1 | Reached XP level 17. HP: 31/155 MP: 29/29
 30383 | Spider:3 | Identified the +7 crystal plate armour of Bomuamuz {+Blink
                  | rN+} (Okawaru gifted it to you on level 3 of the Spider
                  | Nest)
 30383 | Spider:3 | Received a gift from Okawaru
 30674 | Spider:3 | Noticed Kirke
 30698 | Spider:3 | Killed Kirke
 30738 | Spider:3 | Noticed Bai Suzhen
 30748 | Spider:3 | Reached skill level 1 in Evocations
 30771 | Spider:3 | Killed Bai Suzhen
 32044 | Spider:4 | Entered Level 4 of the Spider Nest
 33087 | Spider:4 | Received a gift from Okawaru
 33110 | Arena    | Entered the Arena
 33579 | Spider:3 | Slain by a broodmother

Illustrated notes

Levels and vault maps discovered:
D:1:      dpeg_arrival_snail, layout_loops_ring, serial_shops,
          nicolae_shop_back_alley_shop
D:2:      layout_loops_corners, basic_altar
D:3:      kennysheep_six_static_rooms, layout_basic, minmay_misc_feat_columns,
          st_stairs_10, corner_web_ring, minmay_misc_feat_x
D:4:      layout_cave_pools, gammafunk_temple_overflow_pools,
          minmay_temple_entry_overgrown, gup_sewer_entry_spiral
D:5:      layout_loops_ring, mainiacjoe_overflow_six_doors_small,
          gammafunk_ghost_abyssal_escape, dreamdust_mushroom_princess
D:6:      lemuel_ratsnest, layout_basic, minmay_large_rounded_square,
          kennysheep_crisscross, dreamdust_wishing_well, uniq_menkaure
D:7:      layout_loops_corners, serial_shops,
          nicolae_shop_pleasant_corner_grove, uniq_jeremiah
D:8:      minmay_tri_box, layout_basic, old_standard_altar, vehumet_statue,
          marbit_many_paths, dk_vineyard_1, grunt_ministairs_11
D:9:      lemuel_ogre_cave, layout_stronghold, grunt_temple_overflow_diamond,
          mainiacjoe_overflow_surrounded_room, enter_bailey_8,
          nicolae_neqoxec_dot_bat
D:10:     layout_roguey, zin_treasury, erik_lair_orcish_takeover,
          chequers_serial_rivers_micro_d
D:11:     minmay_the_grid_3x3 [minmay_the_grid_doors, minmay_the_grid_slots,
          minmay_the_grid_tri_star, minmay_the_grid_spin_star,
          minmay_the_grid_outer_circle, minmay_the_grid_fan,
          minmay_the_grid_diamond_grid, minmay_the_grid_eight,
          minmay_the_grid_prize_shrinking_boxes], layout_loops_ring
D:12:     layout_stronghold, uniq_jorgrun
D:13:     layout_basic, skrybe_vaults_entry_preservation,
          einodemon_barbed_minivault
D:14:     layout_stronghold, palyth_stone_intersect
D:15:     grunt_enter_depths_hoard, layout_long_grid, minmay_fountain_box
Temple:   nicolae_temple_ecumenical_triangle
Lair:1:   layout_regular_city, minivault_27, nicolae_quartered_pool_impasse,
          serial_bayou_shore_b
Lair:2:   layout_gridlike, elwin_shoals_entry_stream,
          spider_nest_entry_funnel_web, infiniplex_staircase_pool,
          serial_bayou_shore_b, grunt_megastairs_1
Lair:3:   layout_big_grid, serial_rivers, chequers_serial_rivers_large_b,
          chequers_serial_rivers_micro_c, chequers_serial_rivers_room_a,
          chequers_serial_rivers_room_a, chequers_serial_rivers_micro_e,
          chequers_serial_rivers_micro_b, infiniplex_staircase_pool_2,
          grunt_megastairs_4
Lair:4:   layout_long_grid, slime_entry_2
Lair:5:   minmay_lair_end_enchanted_forest, layout_misc_corridors, st_stairs_4,
          serial_bayou_lagoon_a, small_statue_intersection
Spider:1: layout_spider_delve, nicolae_spider_some_kinda_spiderbox
Spider:2: layout_spider_delve, uniq_azrael
Spider:3: nicolae_spider_hilbert_zone_3 [nicolae_spider_hilbert_4_sides_2_open,
          nicolae_spider_hilbert_3_sides_1_open,
          nicolae_spider_hilbert_3_sides_1_open,
          nicolae_spider_hilbert_3_sides_1_open,
          nicolae_spider_hilbert_3_sides_1_open,
          nicolae_spider_hilbert_4_sides_1_open,
          nicolae_spider_hilbert_4_sides_1_open,
          nicolae_spider_hilbert_4_sides_1_open,
          nicolae_spider_hilbert_4_sides_1_open,
          nicolae_spider_hilbert_4_sides_1_open,
          nicolae_spider_hilbert_4_sides_1_open,
          nicolae_spider_hilbert_4_sides_1_open,
          nicolae_spider_hilbert_4_sides_1_open,
          nicolae_spider_hilbert_3_sides_1_open,
          nicolae_spider_hilbert_3_sides_1_open,
          nicolae_spider_hilbert_3_sides_1_open,
          nicolae_spider_hilbert_3_sides_1_open], uniq_bai_suzhen, uniq_kirke
Spider:4: hellmonk_spider_rune_endless_swarm

Skill      XL: |  1  2  3  4  5  6  7  8  9 10 11 12 13 14 15 16 17 |
---------------+----------------------------------------------------+-----
Axes           | 3 4 5 6 8 9 11 13 16 17 18 | 18.0
Fighting       | 4 5 6 7 8 9 11 13 14 15 16 17 | 17.5
Armour         | 4 5 6 7 8 10 12 13 14 15 16 | 16.2
Shields        | 4 |  4.0
Invocations    | 2 4 6 8 10 11 13 14 16 17 18 | 18.1
Ranged Weapons | 3 7 10 12 13 | 13.4
Evocations     | 3 |  3.2

Action                     |  1- 3 |  4- 6 |  7- 9 | 10-12 | 13-15 | 16-18 || total
---------------------------+-------+-------+-------+-------+-------+-------++-------
  Melee: War axe           |    55 |   124 |   372 |   263 |       |       ||   814
         Broad axe         |       |       |       |   165 |   792 |   745 ||  1702
         Whip              |       |       |       |       |    29 |       ||    29
         Sling             |       |       |       |       |       |    10 ||    10
   Fire: Sling             |       |       |       |     4 |    35 |    52 ||    91
 Invoke: Heroism           |       |       |     1 |     7 |     7 |     6 ||    21
         Finesse           |       |       |       |     1 |     4 |     7 ||    12
         Duel              |       |       |       |       |       |     1 ||     1
Ability: Evoke Blink       |       |       |       |       |       |     1 ||     1
    Use: Scroll            |       |     3 |    16 |     2 |    12 |    11 ||    44
         Potion            |       |       |       |     1 |     1 |    12 ||    14
   Stab: Distracted        |       |       |     1 |       |       |     1 ||     2
 Armour: Scale mail        |    25 |    46 |    99 |       |       |       ||   170
         Chain mail        |       |       |    11 |   153 |   359 |   327 ||   850
         Crystal plate arm |       |       |       |       |       |   376 ||   376
  Dodge: Dodged            |    22 |    46 |   100 |   102 |   260 |   297 ||   827
  Block: Buckler           |    17 |    31 |   128 |   182 |   371 |   427 ||  1156
         Reflection        |       |       |     5 |     4 |    16 |     4 ||    29

Table legend: (Time is in decaauts)
 A = Elapsed time spent in this place.
 B = Non-inter-level travel time spent in this place.
 C = Inter-level travel time spent in this place.
 D = Time resting spent in this place.
 E = Time spent auto-exploring this place.
 F = Levels seen in this place.
 G = Mean time per level.
                   A        B        C        D        E       F      G
               +--------+--------+--------+--------+--------+-----+--------+
         Total |  33229 |  31589 |   1640 |   4636 |  20240 |  27 | 1230.7 |
       Dungeon |  17951 |  16814 |   1137 |    669 |  12914 |  15 | 1196.7 |
        Temple |    159 |    159 |      0 |      0 |      0 |   1 |  159.0 |
          Lair |   6687 |   6418 |    269 |    376 |   4876 |   5 | 1337.4 |
   Spider Nest |   7953 |   7721 |    232 |   3572 |   2266 |   4 | 1988.2 |
        Bailey |    443 |    443 |      0 |      0 |    184 |   1 |  443.0 |
         Arena |     34 |     34 |      0 |     18 |      0 |   1 |   34.0 |
               +--------+--------+--------+--------+--------+-----+--------+

Top non-repeatable levels by time:
Spider:3: 2961 daAuts
Spider:1: 2825 daAuts
     D:8: 1812 daAuts
    D:15: 1657 daAuts
  Lair:2: 1653 daAuts
  Lair:3: 1536 daAuts
     D:7: 1448 daAuts
Spider:2: 1433 daAuts
     D:9: 1362 daAuts
     D:2: 1321 daAuts
    D:11: 1314 daAuts
     D:5: 1264 daAuts
  Lair:5: 1224 daAuts
  Lair:4: 1206 daAuts
     D:6: 1192 daAuts
